 Dungeon Crawl Stone Soup version 0.24-a0-584-g9d6b971ae4 (webtiles) character file.

Game seed: 15591604657102025859, levelgen mode: deterministic

7435 Arang the Cleaver (level 11, -9/89 HPs)
             Began as a Formicid Fighter on Sept 2, 2019.
             Was an Elder of Okawaru.
             Mangled by Snorg (16 damage)
             ... on level 10 of the Dungeon.
             The game lasted 00:33:15 (12869 turns).

Arang the Cleaver (Formicid Fighter)               Turns: 12869, Time: 00:33:16

Health: -9/89      AC: 19    Str: 23    XL:     11   Next: 37%
Magic:  0/14       EV: 10    Int: 12    God:    Okawaru [****..]
Gold:   544        SH: 12    Dex: 13    Spells: 10/10 levels left

rFire    + . .     SeeInvis +   a - +1 broad axe
rCold    . . .     Gourm    .   c - +0 shield
rNeg     . . .     Faith    .   m - +1 plate armour
rPois    .         Spirit   +   (helmet unavailable)
rElec    .         Reflect  .   F - +0 cloak
rCorr    .         Harm     .   (no gloves)
MR       ++...                  (no boots)
Stlth    ..........             E - amulet of guardian spirit
HPRegen  0.24/turn              h - ring of protection from cold
MPRegen  0.14/turn              s - ring of Spite {Fire MR+ Str-2 Int+5 Dex+3}

@: heroism
A: permanent stasis, dig shafts and tunnels, four strong arms, antennae 3,
mutation resistance 1
a: Dig, Shaft Self, Heroism, Renounce Religion


You were on level 10 of the Dungeon.
You worshipped Okawaru.
Okawaru was greatly pleased with you.
You were not hungry.

You visited 2 branches of the dungeon, and saw 11 of its levels.
You also visited: Sewer and Ossuary.

You collected 544 gold pieces.

Inventory:

Hand Weapons
 a - a +1 broad axe (weapon)
 b - a +1 dagger of venom
 g - a +2 flail of holy wrath
 y - a +0 halberd
 A - a +0 war axe
Missiles
 e - 7 silver javelins
 z - 18 poisoned darts (quivered)
Armour
 c - a +0 shield (worn)
 m - a +1 plate armour (worn)
 p - a scarf of spirit shield
 q - a +0 scale mail
 F - a +0 cloak (worn)
Jewellery
 h - a ring of protection from cold (left hand)
 j - an uncursed ring of protection from fire
 s - the ring of Spite (right hand) {Fire MR+ Str-2 Int+5 Dex+3}
   (You found it on level 4 of the Dungeon)

   [ring of fire]

   It enhances your fire magic.
   It affects your strength (-2).
   It affects your intelligence (+5).
   It affects your dexterity (+3).
   It protects you from fire.
   It makes you vulnerable to cold.
   It affects your resistance to hostile enchantments.
 E - an amulet of guardian spirit (around neck)
Wands
 n - a wand of polymorph (10)
 r - a wand of digging (4)
 B - a wand of iceblast (3)
 H - a wand of random effects (13)
Scrolls
 k - 6 scrolls of remove curse
 w - 3 scrolls of fog
 x - 2 scrolls of amnesia
 G - a scroll of enchant weapon
Potions
 d - 3 potions of might
 i - a potion of magic
 l - 5 potions of lignification
 o - 3 potions of brilliance
 t - 2 potions of heal wounds
 u - 3 potions of flight
 v - 2 potions of curing
 C - 2 potions of invisibility
 D - 2 potions of cancellation
Comestibles
 f - 21 rations
 I - 2 chunks of flesh


   Skills:
 + Level 9.0(14.0) Fighting
 - Level 1.0(6.0) Short Blades
 + Level 11.4(16.4) Axes
 + Level 9.5(14.5) Armour
 + Level 5.4(10.4) Shields
 - Level 5.0 Invocations


You had 10 spell levels left.
You didn't know any spells.
Your spell library contained the following spells:

 Spells                   Type           Power        Failure   Level  Hunger
 Infusion                 Chrm           #...         96%         1    ##.....
 Magic Dart               Conj           #...         96%         1    ##.....
 Call Imp                 Summ           #.......     99%         2    ###....
 Shroud of Golubria       Chrm/Tloc      #.....       99%         2    ###....
 Slow                     Hex            #.......     99%         2    ###....
 Song of Slaying          Chrm           #.......     99%         2    ###....
 Conjure Flame            Conj/Fire      #.......     100%        3    ####...
 Mephitic Cloud           Conj/Pois/Air  #.......     100%        3    ####...
 Regeneration             Chrm/Necr      #.........   100%        3    ####...
 Spectral Weapon          Hex/Chrm       #.......     100%        3    ####...
 Blink                    Tloc           Unusable     N/A         2    N/A

Dungeon Overview and Level Annotations

Branches:
Dungeon (10/15)            Temple (1/1) D:5            Lair (0/6) D:8
    Orc (0/2) D:9           Sewer (visited)         Ossuary (visited)

Altars:
Ashenzari
Cheibriados
Dithmenos
Elyvilon
Fedhas
Gozag
Hepliaklqana
Kikubaaqudgha
Makhleb
Nemelex Xobeh
Okawaru
Qazlal
Ru
Sif Muna
Trog
Uskayaw
Vehumet
Wu Jian
Xom
Yredelemnul
Zin
The Shining One

Shops:
D:4 }

Annotations:
D:3 3 runed translucent doors, exclusion: downstairs, bmj180's ghost, amateur HOFi
D:5 exclusion: downstairs
D:6 hemabe's ghost, novice HuAr
D:8 exclusions: door and plant
D:10 Snorg


Innate Abilities, Weirdness & Mutations

You cannot be hasted, slowed, berserked, paralysed or teleported.
You can dig through walls and to a lower floor.
Your four strong arms can wield two-handed weapons with a shield.
You have a pair of large antennae on your head. (SInv)
You are somewhat resistant to further mutation.


Message History

You hit Snorg.
Snorg is severely wounded.
Snorg barely misses you.
You block Snorg's attack. x2; Snorg bites you!
Snorg claws you. Snorg claws you!
* * * LOW HITPOINT WARNING * * *
Unknown command.
You barely miss Snorg.
Snorg is severely wounded.
Snorg bites you!
* * * LOW HITPOINT WARNING * * *
You block Snorg's attack. Snorg closely misses you.
Unknown command.
Are you sure you want to shaft yourself?
You feel quite a bit more hungry. Snorg bites you but does no damage.
Snorg claws you.
* * * LOW HITPOINT WARNING * * *
Snorg barely misses you.
You begin to dig a shaft.
You continue digging a shaft.
Snorg bites you!
You die...

#..#######..#
+...........#
#...........#
#...........#
............#
.........<..#
............#
...#######..#
.. #T@# . +..#
#.....T...
#.........
..........
...........
............
.............
..............


You could see Snorg (berserk).

Vanquished Creatures
  A two-headed ogre (D:9)
  Maurice (D:9)
  A troll (D:9)
  2 dream sheep (D:8)
  3 hippogriffs
  2 yaks (D:8)
  Menkaure (D:6)
  Duvessa (D:4)
  An orc warrior (D:9)
  3 sky beasts
  An ice beast (D:9)
  8 ogres
  A black bear (D:8)
  2 phantoms
  5 centaurs
  2 big kobolds (D:8)
  An elf zombie (Ossuary)
  Blork the orc (D:6)
  4 bullfrogs
  A gnoll sergeant (D:8)
  Dowan (D:4)
  4 scorpions
  6 killer bees
  3 howler monkeys (D:4)
  4 crimson imps
  A quasit (D:7)
  2 hounds
  4 jellies
  4 centaur zombies
  2 human zombies (Ossuary)
  3 bullfrog zombies
  4 bullfrog skeletons
  2 centaur skeletons
  2 orc priests (D:9)
  Jessica (D:2)
  Terence (D:2)
  6 iguanas
  6 orc wizards
  7 worker ants
  A big kobold zombie (Ossuary)
  2 mummies (Ossuary)
  8 adders
  9 gnolls
  A howler monkey skeleton (D:4)
  A howler monkey zombie (D:5)
  5 shadow imps
  5 oozes
  3 adder zombies (Ossuary)
  2 adder skeletons
  7 worms
  A dart slug (D:2)
  5 leopard geckos
  37 orcs
  8 giant cockroaches
  6 goblins
  12 hobgoblins
  14 jackals
  4 quokkas
  5 ball pythons
  18 bats
  8 frilled lizards
  6 hobgoblin zombies (Ossuary)
  8 kobolds
  9 kobold zombies (Ossuary)
  11 orc zombies (Ossuary)
  A quokka zombie (D:6)
  3 rats
  2 rat zombies (Ossuary)
307 creatures vanquished.

Notes
Turn   | Place    | Note
-------+----------+-------------------------------------------
     0 | D:1      | Arang the Formicid Fighter began the quest for the Orb.
     0 | D:1      | Reached XP level 1. HP: 18/18 MP: 1/1
    56 | D:1      | Reached XP level 2. HP: 25/25 MP: 2/2
   580 | D:2      | Reached XP level 3. HP: 30/30 MP: 3/3
   607 | D:2      | Noticed Terence
   620 | D:2      | Killed Terence
   638 | D:2      | Reached XP level 4. HP: 33/37 MP: 4/4
   640 | D:2      | Noticed Jessica
   659 | D:2      | Killed Jessica
   659 | D:2      | Reached skill level 3 in Axes
   951 | D:2      | Reached XP level 5. HP: 29/43 MP: 5/5
  1203 | D:2      | Found an opulent altar of Gozag.
  1707 | D:3      | Reached skill level 4 in Axes
  1977 | D:3      | Reached XP level 6. HP: 49/49 MP: 6/6
  1988 | D:3      | Found a runed translucent gate.
  1990 | D:3      | Found a runed translucent gate.
  1990 | D:3      | Found a runed translucent gate.
  1991 | D:3      | Noticed bmj180's ghost (amateur HOFi)
  2610 | D:4      | Reached skill level 5 in Fighting
  2611 | D:4      | Noticed Duvessa
  2617 | D:4      | Noticed Dowan
  2629 | D:4      | Killed Duvessa
  2629 | D:4      | Reached skill level 5 in Armour
  2629 | D:4      | Reached XP level 7. HP: 56/56 MP: 7/7
  2648 | D:4      | Killed Dowan
  2652 | D:4      | Got an ancient granite ring
  2654 | D:4      | Identified the ring of Spite {Fire MR+ Str-2 Int+5 Dex+3}
                  | (You found it on level 4 of the Dungeon)
  2664 | D:4      | Reached skill level 5 in Axes
  2856 | D:4      | Found an ancient bone altar of Kikubaaqudgha.
  2926 | D:4      | Found a sparkling altar of Nemelex Xobeh.
  3620 | D:4      | Found Lyuhupl Dian's Gadget Emporium.
  3699 | D:5      | Entered Level 5 of the Dungeon
  3754 | D:5      | Found a sand-covered staircase.
  3759 | Ossuary  | Entered an ossuary
  3943 | Ossuary  | Reached XP level 8. HP: 56/64 MP: 8/8
  4135 | Ossuary  | Reached skill level 6 in Axes
  4308 | D:5      | Reached skill level 1 in Short Blades
  4563 | D:5      | Reached skill level 7 in Axes
  4790 | D:5      | Reached XP level 9. HP: 40/71 MP: 9/9
  5462 | D:5      | Found a shadowy altar of Dithmenos.
  5660 | D:5      | Found a staircase to the Ecumenical Temple.
  5671 | Temple   | Entered the Ecumenical Temple
  5765 | Temple   | Became a worshipper of Warmaster Okawaru
  5956 | D:6      | Found a glowing drain.
  6001 | Sewer    | Entered a sewer
  6683 | D:6      | Noticed Menkaure
  6705 | D:6      | Killed Menkaure
  6705 | D:6      | Reached skill level 8 in Axes
  6933 | D:6      | Reached * piety under Okawaru
  7013 | D:6      | Noticed Blork the orc
  7022 | D:6      | Killed Blork the orc
  7401 | D:6      | Found a runed translucent door.
  7990 | D:6      | Noticed hemabe's ghost (novice HuAr)
  8402 | D:7      | Reached skill level 1 in Invocations
  8487 | D:7      | Reached skill level 9 in Axes
  8499 | D:7      | Reached XP level 10. HP: 77/79 MP: 11/11
  8623 | D:7      | Reached ** piety under Okawaru
  9030 | D:7      | Found a shattered altar of Ashenzari.
  9031 | D:7      | Found a shimmering altar of Xom.
  9322 | D:7      | Gained mutation: You are somewhat resistant to further
                  | mutation. [potion of mutation]
  9755 | D:8      | Found a radiant altar of Vehumet.
  9947 | D:8      | Found a staircase to the Lair.
 10338 | D:8      | Reached skill level 10 in Axes
 10405 | D:8      | Reached *** piety under Okawaru
 10922 | D:8      | Found a shimmering blue altar of Sif Muna.
 11286 | D:9      | Received a gift from Okawaru
 11485 | D:9      | Reached XP level 11. HP: 80/87 MP: 14/14
 11493 | D:9      | Noticed Maurice
 11513 | D:9      | Reached skill level 5 in Invocations
 11539 | D:9      | Found a staircase to the Orcish Mines.
 11779 | D:9      | Reached **** piety under Okawaru
 11779 | D:9      | Reached skill level 5 in Shields
 12086 | D:9      | Reached skill level 11 in Axes
 12393 | D:9      | Noticed a two-headed ogre
 12408 | D:9      | Killed a two-headed ogre
 12682 | D:9      | Killed Maurice
 12838 | D:10     | Entered Level 10 of the Dungeon
 12849 | D:10     | Noticed Snorg
 12869 | D:10     | Mangled by Snorg

Levels and vault maps discovered:
D:1:      shiori_shiawase, layout_rooms
D:2:      layout_loops_ring, nicolae_overflow_crystal_walls, first_ration,
          st_stairs_7, uniq_jessica, uniq_terence
D:3:      layout_loops_ring, gammafunk_ghost_necromancy
D:4:      layout_rooms, kiku_gazebo_garden_becter, serial_shops,
          nicolae_shop_window_shopping, nemelex_diamond_rough_becter,
          uniq_duvessa
D:5:      minmay_bubble_buster, layout_loops_cross, kennysheep_mini_moat,
          minmay_temple_entry_hall, enter_ossuary_5
D:6:      layout_layer_cave, gup_sewer_entry_glass, ebering_ghost_sewer_d,
          uniq_menkaure, uniq_blork_the_orc
D:7:      layout_basic, nicolae_overflow_hidden_temple,
          kennysheep_generic_room_7
D:8:      layout_loops_cross, lemuel_doored_altar, led_sif_book,
          lair_entry_dummy, serial_co_window_serial, co_window_of_opportunity_a,
          co_window_paths_b, co_window_of_opportunity_a, co_window_corner_a,
          co_window_of_opportunity_a, co_window_paths_a,
          co_window_of_opportunity_a, co_window_broadway_a, co_window_corner_b,
          co_window_paths_c, co_window_broadway_b, glass_columns_c,
          glass_columns_b, glass_columns_a, glass_columns_a, glass_columns_a,
          hangedman_ranch [blue_anna_fruit_fields]
D:9:      layout_long_grid, david_orc_3, uniq_maurice
D:10:     layout_irregular_city, enter_bailey_3, uniq_snorg, uniq_psyche
Temple:   regret_index_temple_waves

Skill      XL: |  1  2  3  4  5  6  7  8  9 10 11 |
---------------+----------------------------------+-----
Fighting       | 4 5 6 7 8 9 |  9.0
Axes           | 3 4 5 7 9 10 11 | 11.4
Armour         | 4 5 6 8 9 |  9.5
Short Blades   | 1 |  1.0
Invocations    | 1 4 5 |  5.0
Shields        | 4 5 |  5.4

Action                   |  1- 3 |  4- 6 |  7- 9 | 10-12 || total
-------------------------+-------+-------+-------+-------++-------
Melee: War axe           |    81 |    47 |   306 |       ||   434
       Dagger            |       |   201 |   257 |       ||   458
       Broad axe         |       |       |    84 |   346 ||   430
Throw: Dart              |       |       |       |    19 ||    19
       Javelin           |       |       |       |     3 ||     3
Invok: Heroism           |       |       |       |     3 ||     3
 Abil: Shaft Self        |       |       |       |     1 ||     1
Evoke: Wand              |       |       |       |     3 ||     3
  Use: Scroll            |       |       |    15 |     5 ||    20
       Potion            |       |       |     2 |     1 ||     3
  Eat: Chunk             |       |     5 |    15 |    14 ||    34
       Ration            |       |       |     2 |       ||     2
Armor: Scale mail        |    14 |       |       |       ||    14
       Plate armour      |    39 |   205 |   320 |   183 ||   747
Dodge: Dodged            |    20 |    47 |   108 |    76 ||   251
Block: Shield            |    39 |   147 |   307 |   191 ||   684

Table legend:
 A = Non-vault XP
 B = Vault XP
 C = Vault XP percentage of total XP
 D = Non-vault monster count
 E = Vault monster count
 F = Vault count percentage of total count
                 A         B        C        D         E       F
            +---------+---------+-------+---------+---------+-------
      Total |    6947 |    3675 |  34.6 |     199 |     108 |  35.2
            +---------+---------+-------+---------+---------+-------
        D:1 |      19 |       0 |   0.0 |      11 |       0 |   0.0
        D:2 |     102 |      88 |  46.3 |      24 |       4 |  14.3
        D:3 |      69 |       0 |   0.0 |      33 |       0 |   0.0
        D:4 |     441 |     225 |  33.8 |      21 |       2 |   8.7
        D:5 |     411 |     804 |  66.2 |      14 |      17 |  54.8
        D:6 |     404 |     295 |  42.2 |       7 |       7 |  50.0
        D:7 |    1355 |      64 |   4.5 |      32 |       2 |   5.9
        D:8 |    1351 |    1099 |  44.9 |      31 |       6 |  16.2
        D:9 |    2759 |     653 |  19.1 |      24 |       7 |  22.6
       D:10 |      36 |       0 |   0.0 |       2 |       0 |   0.0
      Sewer |       0 |      72 | 100.0 |       0 |      24 | 100.0
    Ossuary |       0 |     375 | 100.0 |       0 |      39 | 100.0
            +---------+---------+-------+---------+---------+-------
